 Dungeon Crawl Stone Soup version 0.28.0-45-g0d030f2227 (webtiles) character file.

Game seed: 10569353996965090634

189 thiscave3701365 the Conjurer (level 5, -6/31 HPs)
             Began as an Octopode Conjurer on Apr 21, 2022.
             Killed from afar by Ijyb (8 damage)
             ... with a puff of flame
             ... on level 3 of the Dungeon.
             The game lasted 00:03:55 (3472 turns).

thiscave3701365 the Conjurer (Octopode Conjurer)    Turns: 3472, Time: 00:03:56

Health: -6/31      AC:  1    Str:  6    XL:     5   Next: 68%
Magic:  0/9        EV: 14    Int: 22    God:
Gold:   71         SH:  0    Dex: 17    Spells: 8/9 levels left

rFire   . . .      SeeInvis .   (no weapon)
rCold   . . .      Faith    .   (no shield)
rNeg    . . .      Spirit   +   (helmet restricted)
rPois   .          Reflect  .   f - amulet of guardian spirit
rElec   .          Harm     .   a - +6 ring of dexterity
rCorr   .          Rampage  .   (no ring)
Will    .....                   (no ring)
Stlth   ++++......              (no ring)
HPRegen 0.10/turn               (no ring)
MPRegen 0.11/turn               (no ring)
                                (no ring)
                                (no ring)

@: no status effects
A: almost no armour, amphibious, 8 rings, camouflage 1, gelatinous body 1,
(nimble swimmer 1), tentacles
a: no special abilities


You were on level 3 of the Dungeon.
You visited 1 branch of the dungeon, and saw 3 of its levels.

You collected 71 gold pieces.

Inventory:

Jewellery
 a - a +6 ring of dexterity (left tentacle)
 f - an amulet of guardian spirit (around mantle)
Scrolls
 b - a scroll of magic mapping {unknown}
 c - a scroll of noise {unknown}
Potions
 d - a potion of degeneration {unknown}
 e - a potion of might {unknown}
 g - a potion of attraction {unknown}


   Skills:
 - Level 2.6 Dodging
 - Level 3.7 Stealth
 - Level 0.4 Unarmed Combat
 - Level 2.8 Spellcasting
 + Level 5.7 Conjurations


You had 8 spell levels left.
You knew the following spells:

 Your Spells              Type           Power      Damage    Failure   Level
a - Magic Dart            Conj           100%       1d8       1%          1

Your spell library contained the following spells:

 Spells                   Type           Power      Damage    Failure   Level
 Searing Ray              Conj           56%        2d6       1%          2
 Shock                    Conj/Air       60%        1d6       4%          1
 Dazzling Flash           Conj/Hex       30%        N/A       12%         3
 Swiftness                Air            3%         N/A       36%         3
 Fulminant Prism          Conj/Hex       7%         3d7       36%         4
 Iskenderun's Mystic Bla  Conj/Tloc      15%        2d5       36%         4
 Airstrike                Air            1%         N/A       77%         4


Dungeon Overview and Level Annotations

Branches:
Dungeon (3/15)

Altars:

Annotations:
D:3 Ijyb


Innate Abilities, Weirdness & Mutations

You cannot wear most types of armour.
You are amphibious.
You can wear up to eight rings at the same time.
Your skin changes colour to match your surroundings (Stealth+).
Your rubbery body absorbs attacks. (AC +1, EV +1)
((You are camouflaged when in or above water. (Stealth+)))
You have tentacles for arms and can constrict up to eight enemies at once.


Message History

Ijyb is heavily wounded.
Ijyb hits you with a +0 club.
The magic dart hits Ijyb but does no damage.
Ijyb is heavily wounded.
The endoplasm closely misses you. Ijyb misses you.
You are too depleted to draw on your mana recklessly!
You are too depleted to draw on your mana recklessly!
You are too depleted to draw on your mana recklessly!
Unknown command.
You tentacle-slap Ijyb but do no damage.
Your grab misses Ijyb.
Ijyb is heavily wounded.
A kobold comes into view. It is wielding a +0 short sword.
The endoplasm barely misses you. Ijyb hits you with a +0 club.
The kobold shouts!
You tentacle-slap Ijyb but do no damage.
You grab Ijyb.
You tentacle-slap Ijyb, but do no damage.
Ijyb is heavily wounded.
You constrict Ijyb, but do no damage. The endoplasm freezes you.
You are frozen.
Ijyb misses you.
You are too injured to fight recklessly!
You are too injured to fight recklessly!
Unknown command.
You are too injured to fight recklessly!
You barely miss Ijyb. You squeeze Ijyb, but do no damage.
Ijyb is heavily wounded.
You constrict Ijyb, but do no damage. The endoplasm hits you. Ijyb misses you.
You tentacle-slap Ijyb but do no damage.
Ijyb is heavily wounded.
You constrict Ijyb.
The endoplasm hits you but does no damage.
Ijyb zaps a wand.
The puff of flame hits you!
* * * LOW HITPOINT WARNING * * *
You tentacle-slap Ijyb.
Your tentacle-slap misses Ijyb.
Ijyb is severely wounded.
You constrict Ijyb. The endoplasm barely misses you.
Ijyb zaps a wand.
The puff of flame hits you!
You die...

##############
....[.......# ..#
###.###### #
#.######.....##.##
#.##.#..(##.###.#.#..
#...........# #....>.
#>##.#...##.###.##.##
#.##.##.######...♣♣♣♣♣♣
#......@# ###♣♣
####..Jg†...).$
#.#$K.#####. #.....#
###...# ##.## ..< ..#


You could see Ijyb, an endoplasm and a kobold.

Vanquished Creatures
  A centaur skeleton (D:2)
  Natasha (thrice) (D:2)
  2 adders (D:2)
  7 bats
  4 endoplasms
  A giant cockroach (D:1)
  8 goblins
  5 hobgoblins
  8 jackals (D:1)
  A quokka (D:1)
  6 ball pythons
  7 frilled lizards
  6 kobolds
  6 rats
65 creatures vanquished.

Vanquished Creatures (others)
  8 plants (D:2)
8 creatures vanquished.

Grand Total: 73 creatures vanquished

Notes
Turn   | Place    | Note
-------+----------+-------------------------------------------
     0 | D:1      | thiscave3701365 the Octopode Conjurer began the quest for
                  | the Orb.
     0 | D:1      | Reached XP level 1. HP: 11/11 MP: 3/3
   108 | D:1      | Reached XP level 2. HP: 14/17 MP: 0/5
  1079 | D:1      | Reached XP level 3. HP: 21/21 MP: 4/6
  2054 | D:2      | Reached XP level 4. HP: 23/27 MP: 1/7
  2210 | D:2      | Noticed Natasha
  2230 | D:2      | Killed Natasha
  2810 | D:2      | Reached skill level 5 in Conjurations
  2810 | D:2      | Reached XP level 5. HP: 26/31 MP: 0/9
  2927 | D:2      | Noticed Natasha
  2931 | D:2      | Killed Natasha
  3252 | D:2      | Noticed Natasha
  3257 | D:2      | Killed Natasha
  3458 | D:3      | Noticed Ijyb
  3472 | D:3      | Killed from afar by Ijyb

Illustrated notes

Levels and vault maps discovered:
D:1:      wander_arrival_abandoned_jail, layout_basic
D:2:      layout_basic, minmay_lizard_king, uniq_natasha
D:3:      layout_loops_ring, amcnicky_altar_gilded,
          shapermc_ecumenical_altar_totnotflames, serial_shops, shop, uniq_ijyb

Skill      XL: |  1  2  3  4 |
---------------+-------------+-----
Stealth        | 3 |  3.7
Conjurations   | 5 |  5.7
Dodging        | |  2.6
Unarmed Combat | |  0.4
Spellcasting   | |  2.8

Action                   |  1- 3 |  4- 6 || total
-------------------------+-------+-------++-------
Melee: Unarmed           |    23 |    10 ||    33
       Constrict         |     7 |     3 ||    10
       Tentacles         |     4 |     1 ||     5
       Punch             |       |     1 ||     1
 Cast: Magic Dart        |    68 |    57 ||   125
Armor: Skin              |     4 |     2 ||     6
Dodge: Dodged            |    15 |    17 ||    32
